 Dungeon Crawl Stone Soup version 0.25.1-8-g42b30a86e7 (webtiles) character file.

Game seed: 6851683078674505049

66 Kives the Cutter (level 3, -2/19 HPs)
             Began as a Spriggan Chaos Knight on Dec 9, 2020.
             Was a Plaything of Xom.
             Slain by a gnoll
             ... wielding a +0 whip
              (5 damage)
             ... while paralysed by Grinder
             ... on level 3 of the Dungeon.
             The game lasted 00:08:56 (1645 turns).

Kives the Cutter (Spriggan Chaos Knight)            Turns: 1645, Time: 00:08:56

Health: -2/19      AC:  4    Str:  9    XL:     3   Next: 96%
Magic:  4/4        EV:  4    Int: 13    God:    Xom [*.....]
Gold:   64         SH:  0    Dex: 15    Spells: 2/2 levels left

rFire    . . .     SeeInvis +   a - +0 short sword (chaos)
rCold    . . .     Gourm    .   (shield restricted)
rNeg     . . .     Faith    +   b - +2 robe
rPois    .         Spirit   .   (helmet restricted)
rElec    .         Reflect  .   (no cloak)
rCorr    .         Harm     .   (gloves unavailable)
MR       .....                  (boots unavailable)
Stlth    +.........             e - amulet of faith
HPRegen  0.06/turn              (no ring)
MPRegen  0.09/turn              (no ring)

@: paralysed, lightly drained, very quick
A: very small, unfitting armour, see invisible, herbivore, speed 3, screaming 1,
slow metabolism 2
a: Renounce Religion


You were on level 3 of the Dungeon.
You worshipped Xom.
You were a special plaything of Xom.
You were not hungry.

You visited 1 branch of the dungeon, and saw 4 of its levels.

You collected 64 gold pieces.

Inventory:

Hand Weapons
 a - a +0 short sword of chaos (weapon)
Missiles
 d - 40 arrows
 h - 99 stones (quivered)
Armour
 b - a +2 robe (worn)
Jewellery
 e - an amulet of faith (around neck)
 l - an uncursed ring of ice
Wands
 j - a wand of disintegration (10)
Scrolls
 f - 2 scrolls of identify {unknown}
Potions
 g - a potion of curing {unknown}
 i - a potion of flight {unknown}
 k - a potion of ambrosia {unknown}
Comestibles
 c - 3 rations


   Skills:
 - Level 2.4(1.9) Fighting
 + Level 5.4(4.8) Short Blades
 - Level 3.5(2.9) Dodging


You had 2 spell levels left.
You didn't know any spells.
Your spell library was empty.

Dungeon Overview and Level Annotations

Branches:
Dungeon (4/15)
 Temple: D:4-7

Altars:

Annotations:
D:3 Grinder


Innate Abilities, Weirdness & Mutations

You are very small and have problems with some larger weapons.
You are too small for most types of armour.
You have supernaturally acute eyesight. (SInv)
You are a herbivore.
You cover ground extremely quickly.
You need to consume almost no food.
You occasionally shout uncontrollably at your foes.


Message History

Evoke which item? (* to show all) (? for menu, Esc to quit)
Aiming: Disintegrate
Press: ? - help, Shift-Dir - straight line, f/p - Grinder
Aim: Grinder (moderately wounded, chance to defeat MR: 65%) Grinder is blasted!
A giant cockroach comes into view.
A gnoll comes into view.
You shout at the gnoll!
You hear a shout! x2 "Serve the toy, my child!"
You swap places.
Grinder gestures at you.
You suddenly lose the ability to move!
The gnoll barely misses your white imp.
Grinder blinks!
The gnoll hits you with a +0 whip!
The gnoll hits you from afar with a +0 halberd!
* * * LOW HITPOINT WARNING * * *
The gnoll barely misses you. The gnoll hits you with a +0 whip.
You die...
Xom chortles!

....#........#...........
....#.....5..##.........
....#.................#
###.#............#...#
#.#............#...#
#.#...........g..#
#.#....#.....g..##
#.#....#....5gg.#
###......#......@.#
.........######...#
.##..###.# #....## .....#
#.# ##.##.# ..#..# #.#
#..##.# ....##
#.###.###.#### ..###
#.#........... ..#
#.#.##.......# ..#
#...#........#


You could see Grinder, 4 gnolls and a friendly white imp (summoned).

Vanquished Creatures
  A worker ant (D:4)
  A worm (D:3)
  A dart slug (D:1)
  A leopard gecko (D:3)
  2 orcs (D:3)
  6 bats
  A giant cockroach (D:2)
  2 goblins
  A hobgoblin (D:1)
  3 jackals (D:3)
  9 kobolds
  A frilled lizard (D:2)
  A leopard gecko skeleton (D:4)
  5 rats
35 creatures vanquished.

Vanquished Creatures (collateral kills)
  A goblin (D:3)
1 creature vanquished.

Grand Total: 36 creatures vanquished

Notes
Turn   | Place    | Note
-------+----------+-------------------------------------------
     0 | D:1      | Kives the Spriggan Chaos Knight began the quest for the
                  | Orb.
     0 | D:1      | Reached XP level 1. HP: 11/11 MP: 2/2
   189 | D:1      | Reached XP level 2. HP: 16/16 MP: 3/3
   202 | D:1      | Reached skill level 4 in Short Blades
   338 | D:1      | XOM: give mutations
   338 | D:1      | Gained mutation: You occasionally shout uncontrollably at
                  | your foes. [Xom's mischief]
   338 | D:1      | Gained mutation: You are frail. (-10% HP) [Xom's mischief]
   338 | D:1      | Lost mutation: You are frail. (-10% HP) [Xom's mischief]
   544 | D:1      | XOM: draining
   716 | D:1      | XOM: summons 2 hostile demons
  1112 | D:2      | You fall into a shaft and drop 2 floors!
  1124 | D:4      | XOM: cast spell 'Olgreb's Toxic Radiance'
  1126 | D:4      | Reached skill level 5 in Short Blades
  1126 | D:4      | Reached XP level 3. HP: 19/19 MP: 4/4
  1163 | D:3      | XOM: cast spell 'Shadow Creatures'
  1508 | D:3      | XOM: enchant monster (bad)
  1629 | D:3      | Noticed Grinder
  1638 | D:3      | XOM: summons friendly white imp
  1641 | D:3      | Paralysed by Grinder for 4 turns
  1645 | D:3      | Slain by a gnoll

Illustrated notes

Levels and vault maps discovered:
D:1:      psy_arrival_radial02, layout_loops_ring
D:2:      layout_basic, uniq_natasha
D:3:      layout_rooms, roderic_lattice_a, hangedman_abyss_or_decor_stabs,
          grunt_ministairs_7, uniq_grinder
D:4:      layout_basic, brannock_xom_greatest_gift, first_ration, uniq_pikel

Skill      XL: |  1  2 |
---------------+-------+-----
Short Blades   | 5 |  5.4
Fighting       | |  2.4
Dodging        | |  3.5

Action                   || total
-------------------------++-------
Melee: Short sword       ||   137
Evoke: Wand              ||     2
 Stab: Paralysed         ||     2
       Sleeping          ||     1
Armor: Robe              ||     9
Dodge: Dodged            ||    94
